 Dungeon Sprint DCSS version 0.28-a0-1142-gc8569940dd (webtiles) character file.

Game seed: 1595939582567938800

366 MordorOrchid the Charlatan (level 6, -4/85 HPs)
             Began as a Troll Air Elementalist on Dec 13, 2021.
             Was an Initiate of Sif Muna.
             Slain by a two-headed ogre (23 damage)
             ... in the Dungeon (Sprint IX: "|||||||||||||||||||||||||||||").
             The game lasted 00:03:38 (146 turns).

MordorOrchid the Charlatan (Troll Air Elementalist)  Turns: 146, Time: 00:03:39

Health: -4/85      AC:  7    Str: 17    XL:     6   Next: 40%
Magic:  9/9        EV: 10    Int: 13    God:    Sif Muna [......]
Gold:   0          SH:  0    Dex: 13    Spells: 1/11 levels left

rFire   . . .      SeeInvis .     - Unarmed
rCold   . . .      Faith    .   (no shield)
rNeg    . . .      Spirit   .   a - +0 robe
rPois   .          Reflect  .   (helmet restricted)
rElec   .          Harm     .   o - +0 cloak
rCorr   .          Rampage  .   (gloves unavailable)
Will    .....      NoTele   +   (boots unavailable)
Stlth   ..........              (no amulet)
HPRegen 1.04/turn               p - +2 ring of protection
MPRegen 0.11/turn               q - +3 ring of dexterity

@: berserking, invisible, very quick
A: large, unfitting armour, claws 3, regeneration 1, shaggy fur 1, tough skin 1
a: Renounce Religion


You were in the Dungeon.
You worshipped Sif Muna.
Sif Muna was noncommittal.
You visited 1 branch

Inventory:

Hand Weapons
 j - a +1 broad axe of freezing
 k - a +2 halberd of protection
 l - the +4 quarterstaff "Jesuleg" {elec, rElec rPois rF- rN+}
   (You found it in the Dungeon)

   It occasionally discharges a powerful burst of electricity upon striking a
   foe.
   rF:        It makes you vulnerable to fire.
   rElec:     It insulates you from electricity.
   rPois:     It protects you from poison.
   rN:        It protects you from negative energy.
 m - a +2 rapier of draining
 n - a +2 scimitar of flaming
Armour
 a - a +0 robe (worn)
 o - a +0 cloak (worn)
Jewellery
 p - a +2 ring of protection (left claw)
 q - a +3 ring of dexterity (right claw)
Wands
 i - a wand of acid (10)
Scrolls
 g - 2 scrolls of blinking
 h - 2 scrolls of amnesia
Potions
 b - 5 potions of curing
 c - 3 potions of heal wounds
 e - 4 potions of magic


   Skills:
 - Level 2.0 Fighting
 - Level 2.5 Dodging
 - Level 1.0 Stealth
 - Level 3.0 Unarmed Combat
 - Level 3.2 Spellcasting
 - Level 3.2 Conjurations
 - Level 4.7 Air Magic
 + Level 7.0 Evocations


You had one spell level left.
You knew the following spells:

 Your Spells              Type           Power      Damage    Failure   Level
a - Shock                 Conj/Air       48%        1d6       4%          1
b - Airstrike             Air            7%         N/A       32%         4
c - Static Discharge      Conj/Air       12%        N/A       7%          2
w - Swiftness             Air            14%        N/A       10%         3

Your spell library contained the following spells:

 Spells                   Type           Power      Damage    Failure   Level


Dungeon Overview and Level Annotations

Branches:
Dungeon (1/1)

Altars:
Cheibriados
Dithmenos
Elyvilon
Fedhas
Gozag
Hepliaklqana
Kikubaaqudgha
Makhleb
Nemelex Xobeh
Okawaru
Qazlal
Ru
Sif Muna
Trog
Uskayaw
Vehumet
Wu Jian
Xom
Yredelemnul
Zin
The Shining One
Beogh
Jiyva
Lugonu


Innate Abilities, Weirdness & Mutations

You are too large for most types of armour.
You have claws for hands.
Your natural rate of healing is unusually fast.
You are covered in fur. (AC +1)
You have tough skin. (AC +1)


Message History

The troll bites you. The troll claws you but does no damage.
The troll misses you.
You scratch the troll but do no damage.
The troll is moderately wounded.
The troll bites you! The troll claws you but does no damage.
The troll misses you.
A red film seems to cover your vision as you go berserk!
You feel yourself moving faster!
You feel mighty!
The acid dragon roars!
The orc wizard shouts!
The troll completely misses you. The troll barely misses you. x2
You catch the helpless troll completely off-guard!
You mangle the troll!!
The troll is severely wounded.
The acid dragon roars!
You claw the troll!
You kill the troll!
Sif Muna accepts your kill.
The troll leather armour is intact enough to wear.
The acid dragon roars!
Your Evocations skill gained 7 levels and is now at level 7!
You have reached level 6!
You feel stronger.
The acid dragon roars!
The two-headed ogre closely misses you.
The two-headed ogre hits you with a +0 giant club!!
* * * LOW HITPOINT WARNING * * *
The acid dragon roars!
There is an open door to the Dungeon, spattered with blood here.
Things that are here:
a +0 troll leather armour; a troll corpse You claw the two-headed ogre!
The two-headed ogre is moderately wounded.
The centaur wields a +0 shortbow.
The centaur shoots an arrow.
The arrow hits the acid dragon.
You scratch the two-headed ogre.
The two-headed ogre is moderately wounded.
The acid dragon roars!
The two-headed ogre misses you.
The two-headed ogre hits you with a +0 giant club!!
You die... ▓▓▓▓▓▓▓▓▓▓▓▓▓▓▓▓▓▓▓▓▓▓▓▓ ______'..)..[[..@ODcZo.+ ▓▓▓▓▓▓▓▓▓▓▓▓▓▓▓▓▓▓▓▓▓▓▓▓

You could see a two-headed ogre, an acid dragon (wandering), a centaur, an orc wizard and a bat zombie (wandering).

Vanquished Creatures
  A troll (D)
  A black bear (D)
  A jelly (D)
  An iguana (D)
  A worm (D)
  A bat skeleton (D)
  A goblin (D)
  A kobold (D)
  3 frilled lizards (D)
11 creatures vanquished.

Notes
Turn   | Place    | Note
-------+----------+-------------------------------------------
     0 | D        | MordorOrchid the Troll Air Elementalist began the quest for
                  | the Orb.
     0 | D        | Reached XP level 1. HP: 16/16 MP: 1/1
    11 | D        | Reached skill level 1 in Fighting
    11 | D        | Reached skill level 1 in Unarmed Combat
    35 | D        | Noticed a black bear
    35 | D        | Noticed a jelly
    35 | D        | Noticed an iguana
    41 | D        | Killed a black bear
    42 | D        | Reached XP level 2. HP: 21/28 MP: 1/4
    42 | D        | Reached XP level 3. HP: 27/35 MP: 1/6
    42 | D        | Reached XP level 4. HP: 32/42 MP: 1/7
    62 | D        | Reached XP level 5. HP: 22/49 MP: 1/8
    69 | D        | Found a snail-covered altar of Cheibriados.
    69 | D        | Found a shadowy altar of Dithmenos.
    69 | D        | Found a white marble altar of Elyvilon.
    69 | D        | Found a blossoming altar of Fedhas.
    69 | D        | Found an opulent altar of Gozag.
    70 | D        | Found a hazy altar of Hepliaklqana.
    71 | D        | Found a viscous altar of Jiyva.
    72 | D        | Found an ancient bone altar of Kikubaaqudgha.
    73 | D        | Found a corrupted altar of Lugonu.
    74 | D        | Found a burning altar of Makhleb.
    75 | D        | Found a sparkling altar of Nemelex Xobeh.
    76 | D        | Found an iron altar of Okawaru.
    77 | D        | Found a stormy altar of Qazlal.
    78 | D        | Found a sacrificial altar of Ru.
    79 | D        | Found a shimmering blue altar of Sif Muna.
    80 | D        | Found a bloodstained altar of Trog.
    81 | D        | Found a hide-covered altar of Uskayaw.
    82 | D        | Found a radiant altar of Vehumet.
    83 | D        | Found an ornate altar of the Wu Jian Council.
    84 | D        | Found a shimmering altar of Xom.
    85 | D        | Found a basalt altar of Yredelemnul.
    86 | D        | Found a glowing silver altar of Zin.
    87 | D        | Became a worshipper of Sif Muna the Loreminder
    88 | D        | Found a glowing golden altar of the Shining One.
   104 | D        | Got the +4 quarterstaff "Jesuleg" {elec, rElec rPois rF-
                  | rN+}
   125 | D        | Learned a level 3 spell: Swiftness
   130 | D        | Learned a level 4 spell: Airstrike
   133 | D        | Learned a level 2 spell: Static Discharge
   136 | D        | Noticed a troll
   136 | D        | Noticed a two-headed ogre
   136 | D        | Noticed an acid dragon
   136 | D        | Noticed a centaur
   143 | D        | Killed a troll
   144 | D        | Reached skill level 7 in Evocations
   144 | D        | Reached XP level 6. HP: 40/57 MP: 9/9
   146 | D        | Slain by a two-headed ogre

Illustrated notes

Levels and vault maps discovered:
D:        linesprint [early_d, line_temple, items_1, d_10, items_2, lair_1,
          lair_end, items_3, orc_1, orc_end, items_4, d_15, swamp_1, shoals_1,
          snake_1, spider_1, d_20, vaults_1, items_5, swamp_end, shoals_end,
          snake_end, spider_end, vaults_end, d_27, items_6, zot_1, zot_end,
          crypt_end, forest_end, elf_end, slime_end, tomb_end, abyss_end,
          pan_hell_end]

Skill      XL: |  1  2  3  4  5 |
---------------+----------------+-----
Fighting       | 2 |  2.0
Unarmed Combat | 3 |  3.0
Spellcasting   | 2 3 |  3.2
Conjurations   | 2 3 |  3.2
Air Magic      | 4 |  4.7
Dodging        | 2 |  2.5
Evocations     | 7 |  7.0
Stealth        | |  1.0

Action                   |  1- 3 |  4- 6 || total
-------------------------+-------+-------++-------
Melee: Unarmed           |    27 |    27 ||    54
       Punch             |     1 |       ||     1
 Cast: Shock             |       |     1 ||     1
  Use: Potion            |     1 |     2 ||     3
 Stab: Invisible         |       |     1 ||     1
Armor: Robe              |    10 |     3 ||    13
Dodge: Dodged            |     2 |    15 ||    17

Table legend: (Time is in decaauts)
 A = Elapsed time spent in this place.
 B = Non-inter-level travel time spent in this place.
 C = Inter-level travel time spent in this place.
 D = Time resting spent in this place.
 E = Time spent auto-exploring this place.
 F = Levels seen in this place.
 G = Mean time per level.
                   A        B        C        D        E       F      G
               +--------+--------+--------+--------+--------+-----+--------+
         Total |    122 |    122 |      0 |      2 |      0 |   1 |  122.0 |
       Dungeon |    122 |    122 |      0 |      2 |      0 |   1 |  122.0 |
               +--------+--------+--------+--------+--------+-----+--------+

Top non-repeatable levels by time:
       D: 122 daAuts
